 Dungeon Crawl Stone Soup version 0.19.5 (webtiles) character file.

5334 JustSomeDude the Cleaver (level 10, -7/76 HPs)
             Began as a Demonspawn Fighter on Mar 21, 2017.
             Was an Elder of Lugonu.
             Mangled by a tentacled starspawn (21 damage)
             ... summoned by Lugonu's corruption
             ... on level 1 of the Orcish Mines.
             The game lasted 00:27:56 (9315 turns).

JustSomeDude the Cleaver (Demonspawn Fighter)       Turns: 9315, Time: 00:27:57

Health: -7/76      AC: 12    Str: 20    XL:     10   Next: 38%
Magic:  9/15       EV: 10    Int: 13    God:    Lugonu [****..]
Gold:   458        SH: 11    Dex: 13    Spells: 1 memorised, 14 levels left

rFire  . . .     SeeInvis +     F - +1 war axe of Qocuomav {distort, Int+4}
rCold  + . .     Gourm    .     w - +1 ring mail {MR+}
rNeg   . . .     Faith    .     c - +1 shield
rPois  .         Spirit   .     I - +2 hat {SInv}
rElec  .         Reflect  .     (no cloak)
rCorr  .         Harm     +     J - +0 pair of gloves
MR     +....                    (no boots)
Stlth  +.........               t - amulet of harm
                                (no ring)
                                u - ring of see invisible

@: lethally poisoned (-7 -> -21)
A: claws 2, molten scales 1, cold resistance 1
a: Depart the Abyss, Bend Space, Banish, Corrupt, Renounce Religion


You were on level 1 of the Orcish Mines.
You worshipped Lugonu.
Lugonu was greatly pleased with you.
You were hungry.

You visited 3 branches of the dungeon, and saw 11 of its levels.

You collected 458 gold pieces.

Inventory:

Hand Weapons
 F - the +1 war axe of Qocuomav (weapon) {distort, Int+4}
   (You found it on level 6 of the Dungeon)

   It warps and distorts space around it.
   Unwielding it can cause banishment or high damage.
   It affects your intelligence (+4).
Missiles
 H - 2 javelins of penetration (quivered)
Armour
 c - a +1 shield (worn)
 w - a +1 ring mail of magic resistance (worn)
 I - a +2 hat of see invisible (worn)
 J - a +0 pair of gloves (worn)
 N - a +0 helmet
Jewellery
 t - an amulet of harm (around neck)
 u - a ring of see invisible (left hand)
Wands
 j - a wand of lightning (7/15)
 G - a wand of lightning (7/15)
 K - a wand of lightning (5/15)
Scrolls
 a - a scroll of immolation {unknown}
 b - a scroll of identify
 d - 2 scrolls of remove curse
 h - 5 scrolls of enchant weapon
 i - a scroll of amnesia
 k - 2 scrolls of teleportation
 p - 3 scrolls of fog
 q - 5 scrolls of enchant armour
 s - 3 scrolls of fear
 y - a scroll of random uselessness {unknown}
 L - a scroll of magic mapping {unknown}
Potions
 e - 3 potions of curing
 m - a potion of lignification {unknown}
 o - 2 potions of heal wounds {unknown}
 r - a potion of ambrosia {unknown}
 x - a potion of berserk rage {unknown}
 z - 2 potions of degeneration {unknown}
 C - a potion of cancellation {unknown}
 E - 2 potions of haste {unknown}
Books
 n - a book of Cantrips

   Spells                             Type                      Level
   a - Confusing Touch                Hexes                        1
   b - Animate Skeleton               Necromancy                   1
   c - Summon Small Mammal            Summoning                    1
   d - Apportation                    Translocation                1
Comestibles
 f - 7 bread rations
 g - 2 slices of pizza
 l - 3 beef jerkies
 A - 7 chunks of flesh
 B - 2 meat rations


   Skills:
 + Level 6.0 Fighting
 + Level 8.4 Axes
 + Level 6.6 Armour
 + Level 2.4 Dodging
 + Level 1.4 Stealth
 + Level 6.0 Shields
 * Level 3.1 Spellcasting
 * Level 7.0 Invocations


You had 14 spell levels left.
You knew the following spells:

 Your Spells              Type           Power        Failure   Level  Hunger
a - Apportation           Tloc           #.........   95%         1    #......


Dungeon Overview and Level Annotations

Branches:
Dungeon (9/15)             Temple (1/1) D:4             Orc (1/2) D:9
   Lair: D:8-11

Altars:
Ashenzari
Cheibriados
Dithmenos
Elyvilon
Fedhas
Gozag
Hepliaklqana
Kikubaaqudgha
Makhleb
Okawaru
Qazlal
Ru
Sif Muna
Trog
Uskayaw
Vehumet
Xom
Yredelemnul
Zin
The Shining One
Lugonu

Shops:
D:6 [

Annotations:
Orc:1 corrupted


Innate Abilities, Weirdness & Mutations

You have very sharp fingernails.
You are partially covered in molten scales. (AC +2)
Your flesh is cold resistant. (rC+)


Message History

The reaper closely misses the orc warrior.
The iron imp hits the orc warrior but does no damage.
The raiju closely misses the orc warrior.
An orc knight comes into view. It is wielding a dire flail.
You feel sick.
The quasit bites the orc warrior but does no damage.
The quasit barely misses the orc warrior. x2
The orc warrior hits the iron imp with a flail of holy wrath.
The iron imp convulses.
The small abomination closely misses something.
The iron imp hits you but does no damage.
The crimson imp hits something.
The iron imp hits the orc warrior but does no damage.
The reaper hits the orc warrior from afar with a scythe of protection!!!
The orc warrior dies!
An orc warrior comes into view. It is wielding a flail.
You feel sick. The tentacled starspawn bites you!
* * * LOW HITPOINT WARNING * * *
The tentacled starspawn engulfs you!!
You die...

.#((((... #.##.
..(((((.# .....
...(.(.........
.......x#......
.o....Xx##.....
.o....Xx.....##
#..#..#X##....#
..o.F.5@h#...#
......2t5h.....
.....#X5.#h#...
..#5..)X#......
....x.........#
.#...#.....###.
#...#.......
#............


You could see an orc knight, 2 orc warriors, a neutral tentacled starspawn
(wandering), a neutral reaper, a neutral hell hog, a neutral apocalypse crab, a
neutral thrashing horror, 3 neutral large abominations, 2 neutral raiju, a
neutral blink frog, 4 neutral small abominations, 2 neutral iron imps, a neutral
quasit and a neutral crimson imp.

Vanquished Creatures
  Gastronok (D:8)
  An unseen horror (D:8)
  The ghost of kraktruk the Ruffian, an amateur TrMo (D:4)
  The ghost of Nelagord the Slasher, an amateur DgGl (D:3)
  Duvessa (D:5)
  2 orc warriors (D:8)
  An ice beast (D:6)
  A phantom (D:4)
  A necrophage (D:7)
  An ogre (D:9)
  2 centaurs (D:7)
  5 bullfrogs
  Dowan (D:5)
  A wyvern zombie (D:8)
  A wyvern skeleton (D:9)
  2 scorpions
  4 wights (D:6)
  A howler monkey (D:6)
  2 crimson imps
  A bullfrog zombie (D:8)
  A jelly (D:7)
  2 centaur skeletons
  4 orc priests
  7 hounds
  2 bullfrog skeletons
  10 orc wizards
  An iguana (D:7)
  6 worker ants
  A hound zombie (D:6)
  A worker ant zombie (D:8)
  A howler monkey skeleton (D:6)
  7 gnolls
  13 adders
  2 shadow imps
  An ooze (D:3)
  An adder zombie (D:5)
  2 worms
  4 dart slugs
  5 leopard geckos
  40 orcs
  A ball python (D:1)
  7 giant cockroaches
  7 hobgoblins
  8 jackals
  3 quokkas
  8 bats
  4 frilled lizards
  A giant cockroach zombie (D:6)
  7 goblins
  2 jackal skeletons
  3 kobolds
  8 rats
201 creatures vanquished.

Vanquished Creatures (others)
  A wizard (D:7)
  2 orc warriors (Orc:1)
  An ogre (Orc:1)
  A water moccasin skeleton (D:7)
  An orc priest (Orc:1)
  An orc wizard (Orc:1)
  A worker ant (D:7)
  4 orcs (Orc:1)
12 creatures vanquished.

Grand Total: 213 creatures vanquished

Notes
Turn   | Place    | Note
-------+----------+-------------------------------------------
     0 | D:1      | JustSomeDude the Demonspawn Fighter began the quest for the Orb.
     0 | D:1      | Reached XP level 1. HP: 18/18 MP: 1/1
   216 | D:1      | Gained mutation: You are partially covered in molten scales. (AC +2) [demonic ancestry]
   216 | D:1      | Reached XP level 2. HP: 10/24 MP: 2/2
   314 | D:1      | Reached skill level 2 in Axes
   623 | D:2      | HP: 1/24 [worm (5)]
  1046 | D:2      | Gained mutation: Your flesh is cold resistant. (rC+) [demonic ancestry]
  1046 | D:2      | Reached XP level 3. HP: 29/29 MP: 3/3
  1237 | D:2      | Found a faded altar of an unknown god.
  1257 | D:2      | Became a worshipper of Lugonu the Unformed
  1257 | D:2      | Reached * piety under Lugonu
  1257 | D:2      | Reached ** piety under Lugonu
  1928 | D:2      | Reached XP level 4. HP: 10/35 MP: 4/4
  2417 | D:3      | Noticed Nelagord's ghost (amateur DgGl)
  2429 | D:3      | Killed Nelagord's ghost
  2429 | D:3      | Reached skill level 3 in Axes
  2429 | D:3      | Gained mutation: You have sharp fingernails. [demonic ancestry]
  2429 | D:3      | Reached XP level 5. HP: 7/41 MP: 5/5
  2548 | D:3      | Reached XP level 6. HP: 14/47 MP: 6/6
  2718 | D:3      | Reached skill level 4 in Axes
  2726 | D:3      | Reached skill level 1 in Dodging
  2730 | D:3      | Reached *** piety under Lugonu
  3658 | D:4      | Noticed kraktruk's ghost (amateur TrMo)
  3995 | D:4      | Reached XP level 7. HP: 39/54 MP: 7/7
  4529 | D:4      | Found a glowing silver altar of Zin.
  4529 | D:4      | Noticed an angel
  4530 | D:4      | Found a shimmering altar of Xom.
  4590 | D:4      | Found a staircase to the Ecumenical Temple.
  4603 | D:4      | Killed kraktruk's ghost
  4603 | D:4      | Reached skill level 5 in Axes
  4609 | Temple   | Entered the Ecumenical Temple
  4969 | D:5      | Entered Level 5 of the Dungeon
  5036 | D:5      | Reached skill level 1 in Invocations
  5080 | D:5      | Noticed Duvessa
  5080 | D:5      | Noticed Dowan
  5087 | D:5      | Killed Duvessa
  5089 | D:5      | Killed Dowan
  5089 | D:5      | Reached skill level 1 in Stealth
  5120 | D:5      | Gained mutation: You have very sharp fingernails. [demonic ancestry]
  5120 | D:5      | Reached XP level 8. HP: 41/61 MP: 8/10
  5669 | D:6      | Found Caneumuk's Armour Shop.
  5677 | D:6      | Reached skill level 6 in Axes
  5934 | D:6      | Reached **** piety under Lugonu
  6063 | D:6      | Reached skill level 5 in Fighting
  6063 | D:6      | Reached skill level 5 in Armour
  6133 | D:6      | Reached skill level 5 in Shields
  6239 | D:6      | Got a polished war axe
  6240 | D:6      | Identified the cursed +1 war axe of Qocuomav {distort, Int+4} (You found it on level 6 of the Dungeon)
  6602 | D:7      | Found a bloodstained altar of Trog.
  6605 | D:7      | Noticed a wizard
  6611 | D:7      | Killed a wizard
  6770 | D:7      | Reached XP level 9. HP: 57/68 MP: 12/12
  6977 | D:7      | Reached skill level 5 in Invocations
  7007 | D:7      | Found a hide-covered altar of Uskayaw.
  7008 | D:7      | Found a bloodstained altar of Trog.
  7008 | D:7      | Found an iron altar of Okawaru.
  7012 | D:7      | Reached skill level 7 in Axes
  7020 | D:7      | Found an opulent altar of Gozag.
  7020 | D:7      | Found a burning altar of Makhleb.
  7022 | D:7      | Found a hazy altar of Hepliaklqana.
  7022 | D:7      | Found a radiant altar of Vehumet.
  7023 | D:7      | Found a glowing golden altar of the Shining One.
  7494 | D:7      | Learned a level 1 spell: Apportation
  7622 | D:8      | Reached skill level 1 in Spellcasting
  7828 | D:8      | Noticed Gastronok
  7849 | D:8      | Killed Gastronok
  7849 | D:8      | Reached skill level 8 in Axes
  7849 | D:8      | Reached XP level 10. HP: 39/76 MP: 12/14
  8247 | D:8      | Killed an unseen horror
  8701 | D:8      | Reached ***** piety under Lugonu
  9196 | D:9      | Found a staircase to the Orcish Mines.
  9302 | Orc:1    | Entered Level 1 of the Orcish Mines
  9307 | Orc:1    | Corrupted Orc:1
  9307 | Orc:1    | Noticed a tentacled starspawn
  9307 | Orc:1    | Noticed a reaper
  9307 | Orc:1    | Noticed a large abomination
  9307 | Orc:1    | Noticed an apocalypse crab
  9309 | Orc:1    | Noticed a smoke demon
  9311 | Orc:1    | Noticed a thrashing horror
  9313 | Orc:1    | Noticed a hell hog
  9314 | Orc:1    | Noticed an orc knight
  9315 | Orc:1    | Mangled by a tentacled starspawn

Skill      XL: |  1  2  3  4  5  6  7  8  9 10 |
---------------+-------------------------------+-----
Shields        | 3 4 5 6 |  6.0
Axes           | 2 3 4 5 6 8 |  8.4
Armour         | 3 4 5 6 |  6.6
Dodging        | 1 2 |  2.4
Fighting       | 4 5 6 |  6.0
Invocations    | 2 4 6 7 |  7.0
Stealth        | 1 |  1.4
Spellcasting   | 2 3 |  3.1

Action                   |  1- 3 |  4- 6 |  7- 9 | 10-12 || total
-------------------------+-------+-------+-------+-------++-------
Melee: War axe           |   159 |   205 |   122 |    59 ||   545
       Hand axe          |       |    25 |   189 |       ||   214
Invok: Corrupt           |       |       |       |     1 ||     1
Evoke: Wand              |       |       |     1 |       ||     1
  Use: Potion            |       |     3 |     3 |       ||     6
       Scroll            |       |     4 |     5 |     5 ||    14
  Eat: Chunk             |     2 |     5 |    11 |     5 ||    23
       Meat ration       |       |     1 |       |       ||     1
Armor: Scale mail        |    90 |   103 |    44 |       ||   237
       Chain mail        |       |       |    44 |    41 ||    85
       Ring mail         |       |       |       |     8 ||     8
Dodge: Dodged            |    49 |    60 |    54 |    11 ||   174
Block: Shield            |    81 |   113 |   161 |    25 ||   380
